AoeStats
← Sir_DiegoX

Arabia

509780043Analyzed
1v1 RM · 3d ago on Sep 28, 2026· 52m 1s· 2 players
Game mode
Random Map
Map size
Tiny (2 player)
Population
200
Speed
Normal
Resources
Standard
Victory
Conquest
Starting age
Dark Age
Ending age
Imperial Age
RankedLock teamsTeams togetherTeam positionsShared explorationLock speedFull tech treeHidden civsTurbo modeCheats
Victory
Defeat
🇦🇷 Varangians · Argentina
752
+15
🇦🇷 Franks · Argentina
735
-15
calvoj550
9:05 Loom
11:08 Feudal Age
12:07 Feudal Age
12:35 Double-Bit Axe
16:10 Gold Mining
22:02 Castle Age
20:41 Forging
22:49 Wheelbarrow
23:53 Bow Saw
23:52 Husbandry
24:38 Iron Casting
24:04 Scale Mail Armor
23:30 Pikeman
29:59 Squires
34:35 Imperial Age
33:06 Chain Mail Armor
32:56 Scale Barding Armor
33:41 Hand Cart
40:31 Cavalier
41:08 Light Cavalry
41:43 Halberdier
43:50 Paladin
52:35 Blast Furnace
Sir_DiegoX
1:49 Loom
10:20 Feudal Age
8:35 Loom
10:55 Town Watch
10:58 Double-Bit Axe
10:55 Horse Collar
15:44 Bloodlines
19:53 Castle Age
19:20 Scale Barding Armor
19:59 Wheelbarrow
22:00 Bloodlines
22:20 Bow Saw
23:07 Heavy Plow
24:28 Forging
25:26 Husbandry
25:49 Chain Barding Armor
27:00 Iron Casting
26:48 Gold Mining
27:50 Arson
28:07 Squires
39:29 Imperial Age
38:14 Pikeman
38:58 Scale Mail Armor
40:31 Conscription
39:34 Gothikon
41:03 Chain Mail Armor
40:40 Fletching
41:51 Blast Furnace
40:44 Fletching
40:32 Gothikon
43:14 Plate Mail Armor
43:46 Pikeman
Connection lost

Rejoining the realm…

Still unreachable

The connection could not be restored.

Session expired

The server has moved on; the page needs a fresh start.